Map: Port Aleksander LE

Players

California

  • Race: Terran Terran
  • League: Master
  • Spawn Location: 11:00

BOOOOOOOOOoM - Winner!

  • Race: Zerg Zerg
  • League: Master
  • Spawn Location: 5:00

VOD

Have the link to the VOD?

Description

Time

  • Played on: April 12, 2019, 6 a.m.
  • Length: 14:53
Show
View Real Time Build Order
Export as new Build Order

California Terran 

Build Orders: Reaper Expand 

Get SALT Encoding   

  12  0:01  SCV  
  13  0:13  SCV  
  14  0:18  Supply Depot  
  14  0:25  SCV  
  15  0:39  SCV  
  15  0:41  Barracks  
  16  0:45  Refinery  
  16  0:51  SCV  
  17  1:03  SCV  
  18  1:16  SCV  
  19  1:28  Orbital Command  
  19  1:29  Reaper  
  20  1:45  Command Center  
  20  1:55  Supply Depot  
  20  1:57  SCV  
  21  2:01  Barracks Reactor  
  21  2:09  SCV  
  22  2:18  Refinery  
  23  2:22  SCV  
  23  2:24  Factory  
  23  2:35  SCV  
  24  2:47  SCV  
  24  2:48  Marine x2  
  28  2:59  Orbital Command  
  28  3:01  SCV  
  28  3:16  Starport  
  28  3:19  Hellion x2  
  32  3:22  SCV  
  32  3:26  SCV  
  34  3:29  Barracks Tech Lab, Supply Depot  
  34  3:34  SCV  
  35  3:39  SCV  
  40  3:41  Hellion x2  
  40  3:53  SCV x2  
  41  3:56  Concussive Shells, Marauder  
  41  3:57  Supply Depot  
  41  3:58  Medivac  
  49  4:02  Hellion  
  49  4:03  Hellion  
  49  4:06  Armory, SCV  
  49  4:08  SCV  
  51  4:18  SCV  
  51  4:20  SCV  
  51  4:21  Marauder  
  51  4:23  Supply Depot  
  55  4:30  SCV  
  56  4:35  Supply Depot  
  56  4:41  Liberator  
  56  4:47  Command Center  
  56  4:52  Factory Tech Lab  
  56  4:57  Stimpack, Supply Depot, Marine  
  60  5:05  SCV x2  
  62  5:12  Barracks  
  62  5:13  Barracks  
  62  5:17  Marine  
  62  5:19  Siege Tank  
  66  5:24  SCV x2  
  66  5:27  Supply Depot  
  68  5:47  Marine  
  59  5:55  SCV x2  
  55  5:58  Engineering Bay  
  55  5:59  Engineering Bay  
  55  6:00  Orbital Command, Refinery  
  55  6:01  Refinery  
  55  6:02  Starport Reactor  
  55  6:03  Siege Tank  
  55  6:04  Marine x2  
  59  6:05  Marine  
  59  6:06  Barracks Reactor  
  59  6:09  Barracks  
  59  6:10  SCV x2  
  63  6:13  Barracks  
  61  6:26  Marine x2  
  61  6:27  Marine  
  61  6:30  Terran Infantry Weapons Level 1  
  64  6:34  Supply Depot  
  64  6:35  Supply Depot, Siege Tank  
  64  6:37  Orbital Command  
  64  6:38  Terran Infantry Armor Level 1  
  67  6:44  Marine x3  
  70  6:53  Marine x2  
  72  6:55  SCV x2  
  72  7:00  Barracks Reactor  
  74  7:02  Command Center, SCV, Marine  
  74  7:07  SCV x2  
  78  7:12  Marine x2  
  78  7:13  Marine x4  
  78  7:14  SCV  
  85  7:16  Siege Tank  
  85  7:19  SCV x2  
  85  7:20  Combat Shield, Marine  
  91  7:34  Marine x4  
  91  7:35  Marine x2  
  97  7:38  Marine x3  
  97  7:41  SCV x2  
  102  7:45  Starport Reactor  
  102  7:49  Siege Tank  
  105  7:52  Marine x3  
  108  8:02  SCV x2  
  108  8:03  SCV  
  111  8:06  Supply Depot, Marine x2  
  111  8:07  Marauder, Supply Depot, Marine  
  111  8:08  Supply Depot  
  116  8:14  SCV x2  
  116  8:15  Barracks, Refinery  
  116  8:16  Refinery, Factory  
  118  8:21  Marine x2  
  118  8:22  Marine x2  
  118  8:23  Marine  
  117  8:28  SCV x2  
  117  8:30  SCV  
  115  8:34  Marine x2  
  115  8:35  Marine x2  
  115  8:40  SCV x2  
  118  8:41  Medivac x2  
  118  8:43  Siege Tank  
  118  8:44  Terran Infantry Weapons Level 2  
  118  8:46  SCV  
  123  8:48  Marine  
  123  8:49  Marine  
  123  8:52  SCV, Marine x2  
  123  8:53  Marauder, SCV  
  131  8:59  Terran Infantry Armor Level 2  
  131  9:05  Marine x2  
  131  9:09  SCV x3  
  133  9:17  Marine x6  
  115  9:25  Marine  
  115  9:26  Siege Tank, Marine x2  
  115  9:27  Medivac x2  
  125  9:34  Marine  
  125  9:35  SCV x2, Marine  
  128  9:41  Marine x3  
  128  9:42  Marine  
  123  9:46  Marine x2  
  123  9:48  Barracks Reactor  
  123  9:49  Factory Tech Lab  
  108  9:57  Medivac x2  
  108  9:58  SCV, Siege Tank  
  116  10:06  SCV x2  
  116  10:07  Planetary Fortress  
  118  10:08  Marine  
  118  10:09  Marine x8  
  117  10:26  Marine x4  
  117  10:27  Medivac x2, Marine x7  
  117  10:28  Siege Tank  
  123  10:30  Siege Tank  
  123  10:33  Barracks x2  
  114  10:44  Marine x5  
  114  10:45  SCV x3, Marine x5  
  114  10:46  SCV  
  114  10:49  Refinery  
  128  10:50  Terran Vehicle Weapons Level 1, Refinery  
  128  10:57  SCV  
  128  10:59  SCV x2  
  128  11:00  Siege Tank  
  128  11:01  SCV  
  128  11:02  Siege Tank  
  138  11:09  SCV  
  139  11:11  SCV  
  139  11:15  Terran Infantry Weapons Level 3  
  140  11:20  Command Center, SCV  
  140  11:21  Barracks Tech Lab, SCV  
  140  11:22  Barracks Tech Lab  
  142  11:29  Terran Infantry Armor Level 3  
  142  11:30  Marine  
  142  11:31  Marine x8  
  142  11:32  Siege Tank  
  154  11:35  Siege Tank  
  154  11:37  SCV x2  
  141  11:50  Marine x2  
  141  11:51  Marauder, Marine x2  
  141  11:52  Marine x8  
  128  12:08  Marine x3  
  127  12:09  Marine x2  
  127  12:10  Marine x4  
  127  12:11  Marine  
  128  12:18  Marine  
  123  12:24  Barracks Tech Lab  
  123  12:25  Barracks Tech Lab  
  123  12:26  Marine x2  
  123  12:31  Marine x3  
  123  12:32  Marine x3  
  123  12:35  Command Center, Siege Tank  
  132  12:42  Marine x3  
  132  12:43  Marauder, Siege Tank  
  140  12:53  Starport x2  
  140  12:55  Starport  
  140  12:57  SCV x2  
  142  13:07  Siege Tank  
  142  13:11  Marine x5  
  149  13:15  Supply Depot  
  149  13:16  Supply Depot  
  149  13:17  Supply Depot  
  149  13:37  Marauder, Marine x8  
  149  13:38  Siege Tank  
  149  13:39  Siege Tank  
  143  13:48  Marine  
  143  13:49  Marine x3  
  143  13:52  SCV x2  
  116  13:59  Planetary Fortress  
  115  14:03  Marine x5  
  115  14:04  Marauder  
  115  14:09  SCV x2  
  126  14:10  Siege Tank  
  125  14:19  Command Center  
  125  14:20  Marine x2  
  125  14:21  SCV  
Show
View Real Time Build Order
Export as new Build Order

BOOOOOOOOOoM Zerg - Winner!

Build Orders: Hatch First 

Get SALT Encoding   

  12  0:00  Drone  
  13  0:14  Overlord  
  13  0:18  Drone  
  14  0:32  Drone x2  
  16  0:37  Drone  
  17  0:54  Hatchery  
  16  0:57  Drone  
  16  1:00  Drone  
  18  1:11  Extractor  
  17  1:16  Spawning Pool  
  16  1:18  Drone  
  16  1:22  Drone  
  18  1:30  Drone  
  19  1:42  Drone  
  20  1:52  Overlord  
  20  2:04  Queen  
  20  2:06  Queen  
  20  2:07  Zergling x2  
  25  2:09  Drone  
  26  2:17  Metabolic Boost  
  26  2:21  Drone x2  
  28  2:31  Drone  
  28  2:32  Drone  
  30  2:39  Spore Crawler  
  30  2:53  Overlord  
  30  3:03  Drone  
  30  3:04  Drone x4  
  35  3:09  Overlord  
  35  3:11  Hatchery  
  34  3:16  Queen  
  34  3:17  Queen  
  38  3:23  Drone x3  
  41  3:34  Overlord, Evolution Chamber  
  41  3:35  Drone x3  
  43  3:41  Drone x2  
  45  3:49  Overlord  
  45  3:50  Drone  
  46  4:02  Overlord  
  45  4:04  Zergling x2  
  46  4:10  Zerg Ground Armor Level 1  
  46  4:14  Zergling x2  
  46  4:15  Zergling x6  
  50  4:27  Drone x3  
  53  4:36  Baneling Nest  
  51  4:40  Zergling x16  
  59  4:53  Drone  
  59  4:54  Drone x3, Hatchery  
  59  4:57  Spore Crawler  
  59  4:59  Extractor  
  60  5:07  Drone  
  60  5:08  Drone x8  
  60  5:13  Overlord  
  69  5:23  Baneling  
  69  5:24  Baneling x5  
  69  5:25  Queen x2  
  69  5:26  Queen  
  64  5:50  Drone x4  
  64  5:51  Drone x10  
  70  6:00  Drone  
  70  6:01  Drone  
  72  6:09  Extractor  
  72  6:10  Zerg Melee Weapons Level 1, Extractor  
  70  6:12  Drone x4  
  74  6:19  Drone x4  
  78  6:28  Hatchery  
  78  6:32  Drone x4  
  81  6:34  Lair  
  81  6:37  Drone  
  82  6:45  Drone, Hatchery  
  82  6:46  Drone x7  
  89  7:03  Hatchery, Zergling x14  
  95  7:08  Pneumatized Carapace  
  95  7:18  Overlord  
  95  7:19  Overlord x3  
  95  7:20  Overlord  
  95  7:24  Baneling x14  
  95  7:30  Overlord x2  
  95  7:35  Centrifical Hooks  
  95  7:36  Queen x2  
  99  7:39  Evolution Chamber  
  99  7:40  Zergling x2  
  99  7:41  Zergling x18  
  108  7:46  Zergling x12  
  114  7:51  Queen  
  114  7:54  Zergling x2  
  114  7:55  Zergling x18  
  126  7:59  Spore Crawler  
  126  8:01  Spine Crawler  
  124  8:05  Baneling  
  124  8:06  Baneling x5  
  124  8:07  Baneling x5  
  124  8:08  Zergling x8, Baneling x3  
  124  8:09  Zergling x2  
  125  8:32  Drone  
  125  8:33  Drone x19  
  133  8:39  Queen x2  
  133  8:40  Queen  
  137  8:41  Drone x3  
  137  8:51  Zergling x16  
  137  8:52  Zerg Melee Weapons Level 2  
  137  8:53  Zerg Ground Armor Level 2  
  144  9:08  Zergling x8  
  144  9:09  Overlord  
  146  9:10  Overlord x3  
  146  9:22  Zergling x34  
  146  9:23  Zergling x14  
  146  9:26  Hatchery  
  146  9:27  Baneling x8  
  146  9:31  Zergling x8  
  142  9:42  Zergling x16  
  142  9:43  Zergling x4  
  142  9:50  Drone x9  
  142  9:52  Baneling  
  141  9:53  Baneling x17  
  141  9:55  Drone  
  141  9:57  Extractor x2  
  140  10:04  Extractor  
  140  10:06  Zergling x18, Extractor  
  140  10:07  Zergling x6  
  150  10:08  Overlord x2  
  150  10:09  Overlord x2  
  144  10:26  Zergling x2  
  144  10:27  Zergling x12  
  145  10:33  Zergling x2  
  145  10:34  Zergling x26  
  159  10:42  Zergling x10  
  155  10:49  Baneling x15  
  155  10:50  Baneling x10  
  155  10:52  Drone x9  
  155  10:56  Extractor x2  
  162  10:58  Spine Crawler  
  162  10:59  Drone x3, Spine Crawler x3  
  162  11:00  Drone x3  
  162  11:02  Drone x4  
  162  11:03  Drone x2  
  170  11:04  Overseer  
  170  11:05  Overseer x3  
  170  11:10  Spore Crawler  
  169  11:12  Zergling x2, Extractor  
  169  11:13  Zergling x34, Extractor  
  169  11:14  Infestation Pit  
  184  11:22  Zergling x12  
  190  11:26  Baneling  
  190  11:27  Baneling x9  
  190  11:37  Zergling x2  
  190  11:38  Zergling x18  
  184  11:52  Baneling x17  
  184  11:53  Zergling x16, Baneling x6  
  184  11:54  Zergling x30  
  190  12:09  Zergling x2  
  190  12:11  Drone x8  
  190  12:12  Drone x2, Zergling x2  
  190  12:13  Zergling x14  
  196  12:20  Zergling x2  
  196  12:21  Zergling x12  
  177  12:34  Hive  
  177  12:36  Zergling x30  
  192  12:46  Hatchery  
  192  12:49  Zergling x10  
  192  12:50  Hatchery, Zergling x6  
  195  13:08  Baneling x24  
  195  13:09  Baneling x29  
  195  13:10  Baneling x19  
  195  13:11  Zergling x18  
  196  13:16  Spore Crawler x2  
  186  13:26  Spire  
  178  13:27  Spire  
  178  13:29  Zergling x18  
  178  13:30  Zergling x14  
  193  13:35  Overlord x7  
  193  13:36  Overlord  
  126  13:56  Zergling x40  
  126  13:57  Zergling x20  
  155  14:15  Zergling x16  
  163  14:22  Zergling x24  
  175  14:25  Baneling x22  
  175  14:26  Baneling x10  
  175  14:27  Baneling x3  
  175  14:28  Baneling x2  
  175  14:29  Baneling x2  
  175  14:30  Baneling  
  175  14:31  Baneling  
  175  14:34  Zergling x2  
  175  14:35  Zergling x10  
Tags
 
Add a new tag
Caveats
  • Supply blocks, unpowered buildings, or Contaminate may cause inaccurate times.
  • Supply counts are checked every 10 seconds.